SAAA
CALGARY LYNX @ JERSEY CITY SUN CAPS
06/05/2020
 
TOP OF THE 1ST
Calgary Lynx batting - Pitching for Jersey City Sun Caps : LHP Jim Unknown
Pitching: LHP Jim Unknown
Batting: RHB Edmund Gallagher 0-0: Ball
1-0: Ball
2-0: Foul Ball, location: 2F
2-1: Foul Ball, location: 2F
Single, Error in OF, E7, batter to second base
Batting: RHB Jim Browning 0-0: Called Strike
0-1: Called Strike
0-2: Ball
1-2: Fly out, F9 (Flyball, 9M)
Batting: LHB Timmy Appeldoorn 0-0: Ball
1-0: SINGLE (Line Drive, 4MD)
Edmund Gallagher to third
Batting: RHB Steve Brewer 0-0: Ball
1-0: Ball
2-0: Grounds into double play, U4-3 (Groundball, 4)
Top of the 1st over - 0 run(s), 2 hit(s), 1 error(s), 1 left on base; Calgary 0 - Jersey City 0
BOTTOM OF THE 1ST
Jersey City Sun Caps batting - Pitching for Calgary Lynx : RHP Henry Hart
Pitching: RHP Henry Hart
Batting: LHB Todd Williams 0-0: Ball
1-0: Ground out 3-1 (Groundball, 34)
Batting: RHB Brandon Reed 0-0: Foul Ball, location: 2F
0-1: Ball
1-1: Ground out 5-3 (Groundball, 56)
Batting: RHB Chris Lowe 0-0: Ball
1-0: Called Strike
1-1: Fly out, F4 (Popup, 3D)
Bottom of the 1st over - 0 run(s), 0 hit(s), 0 error(s), 0 left on base; Calgary 0 - Jersey City 0
TOP OF THE 2ND
Calgary Lynx batting - Pitching for Jersey City Sun Caps : LHP Jim Unknown
Batting: SHB Vasco Paradela 0-0: Ball
1-0: Ball
2-0: Ball
3-0: Called Strike
3-1: Base on Balls
Batting: RHB Pancho Salaedo 0-0: Called Strike
0-1: Ball
1-1: Ball
2-1: Foul Ball, location: 2F
2-2: Strikes out swinging
Batting: SHB Tom Craft 0-0: Called Strike
0-1: Foul Ball, location: 2F
0-2: Strikes out swinging
Batting: RHB Wilbur James 0-0: Ball
1-0: Hit by Pitch
Vasco Paradela to second
Batting: LHB Gilbert Davis 0-0: Fly out, F9 (Flyball, 9D)
Top of the 2nd over - 0 run(s), 0 hit(s), 0 error(s), 2 left on base; Calgary 0 - Jersey City 0
BOTTOM OF THE 2ND
Jersey City Sun Caps batting - Pitching for Calgary Lynx : RHP Henry Hart
Batting: RHB Micheal Murdoch 0-0: Called Strike
0-1: Foul Ball, location: 2F
0-2: Ground out 5-3 (Groundball, 5)
Batting: RHB Jack Tucker 0-0: Ball
1-0: Fly out, F7 (Flyball, 8LD)
Batting: RHB Christian O'Neal 0-0: Ball
1-0: Ball
2-0: Ball
3-0: Foul Ball, location: 2F
3-1: Foul Ball, location: 2F
3-2: Foul Ball, location: 2F
3-2: Base on Balls
Batting: RHB Oscar Lewis 0-0: Foul Ball, location: 2F
0-1: Called Strike
0-2: Foul Ball, location: 2F
0-2: Ball
1-2: Foul Ball, location: 2F
1-2: DOUBLE (Line Drive, 5D)
Christian O'Neal to third
Runner from 3rd tries for Home, SAFE, throw made at trailing runner, SAFE at third!
Batting: RHB Tony Quintana 0-0: Called Strike
0-1: Ground out 1-3 (Groundball, 13S)
Bottom of the 2nd over - 1 run(s), 1 hit(s), 0 error(s), 1 left on base; Calgary 0 - Jersey City 1
TOP OF THE 3RD
Calgary Lynx batting - Pitching for Jersey City Sun Caps : LHP Jim Unknown
Batting: RHB Edmund Gallagher 0-0: Foul Ball, location: 2F
0-1: Ball
1-1: Foul Ball, location: 2F
1-2: Ball
2-2: Foul Ball, location: 2F
2-2: Ball
3-2: Hit by Pitch
Batting: RHB Jim Browning 0-0: Ball
1-0: Fly out, F8 (Flyball, 8RM)
Batting: LHB Timmy Appeldoorn 0-0: Called Strike
0-1: Fielders Choice at 2nd, 3-6 (Groundball, 34)
Batting: RHB Steve Brewer 0-0: Called Strike
0-1: Ball
1-1: Ball
2-1: Foul Ball, location: 2F
2-2: Ball
3-2: Strikes out swinging
Top of the 3rd over - 0 run(s), 0 hit(s), 0 error(s), 1 left on base; Calgary 0 - Jersey City 1
BOTTOM OF THE 3RD
Jersey City Sun Caps batting - Pitching for Calgary Lynx : RHP Henry Hart
Batting: RHB Jonah Moody 0-0: Ball
1-0: Ball
2-0: Foul Ball, location: 2F
2-1: Foul Ball, location: 2F
2-2: Foul Ball, location: 2F
2-2: DOUBLE (Line Drive, 7LS)
Batting: LHB Todd Williams 0-0: Ball
1-0: DOUBLE (Groundball, 3L)
Jonah Moody scores
Batting: RHB Brandon Reed 0-0: Foul Ball, location: 2F
0-1: Ball
1-1: Fly out, F5 (Line Drive, 5L)
Batting: RHB Chris Lowe 0-0: Ball
1-0: Called Strike
1-1: Ball
2-1: Ball
3-1: Foul Ball, location: 2F
3-2: Foul Ball, location: 2F
3-2: Base on Balls
Batting: RHB Micheal Murdoch 0-0: Swinging Strike
0-1: Ball
1-1: Foul Ball, location: 2F
1-2: Foul Ball, location: 2F
1-2: Ball
2-2: SINGLE (Line Drive, 8LS)
Todd Williams to third
Chris Lowe to second
Runner from 3rd tries for Home, throw and OUT!
Batting: RHB Jack Tucker 0-0: DOUBLE (Flyball, 89XD)
Chris Lowe scores
Micheal Murdoch to third
Runner from 3rd tries for Home, SAFE, no throw or cutoff
Batting: RHB Christian O'Neal 0-0: Ball
1-0: Ball
2-0: Foul Ball, location: 2F
2-1: Foul Ball, location: 2F
2-2: Foul Ball, location: 2F
2-2: Ground out 6-3 (Groundball, 6M)
Bottom of the 3rd over - 3 run(s), 4 hit(s), 0 error(s), 1 left on base; Calgary 0 - Jersey City 4
TOP OF THE 4TH
Calgary Lynx batting - Pitching for Jersey City Sun Caps : LHP Jim Unknown
Batting: SHB Vasco Paradela 0-0: Ball
1-0: Ground out U3 (Groundball, 3)
Batting: RHB Pancho Salaedo 0-0: Ball
1-0: Ball
2-0: Ball
3-0: Called Strike
3-1: Base on Balls
Batting: SHB Tom Craft 0-0: Grounds into double play, 4-6-3 (Groundball, 4)
Top of the 4th over - 0 run(s), 0 hit(s), 0 error(s), 0 left on base; Calgary 0 - Jersey City 4
BOTTOM OF THE 4TH
Jersey City Sun Caps batting - Pitching for Calgary Lynx : RHP Henry Hart
Batting: RHB Oscar Lewis 0-0: Bunt for hit - play at first, batter safe!
Batting: RHB Tony Quintana 0-0: Called Strike
0-1: Ball
1-1: Foul Ball, location: 2F
1-2: Ball
2-2: Fielders Choice at 2nd, 5-4 (Groundball, 56)
Batting: RHB Jonah Moody 0-0: Ball
Tony Quintana is caught stealing 2nd base
1-0: Foul Ball, location: 2F
1-1: Swinging Strike
1-2: Ground out 5-3 (Groundball, 5L)
Bottom of the 4th over - 0 run(s), 1 hit(s), 0 error(s), 0 left on base; Calgary 0 - Jersey City 4
TOP OF THE 5TH
Calgary Lynx batting - Pitching for Jersey City Sun Caps : LHP Jim Unknown
Batting: RHB Wilbur James 0-0: Bunted foul
0-1: Hit by Pitch
Batting: LHB Gilbert Davis 0-0: Ball
1-0: Foul Ball, location: 2F
1-1: Ball
2-1: Swinging Strike
2-2: Strikes out swinging
Batting: RHB Edmund Gallagher 0-0: Called Strike
0-1: Ball
1-1: Grounds into double play, U6-3 (Groundball, 6M)
Top of the 5th over - 0 run(s), 0 hit(s), 0 error(s), 0 left on base; Calgary 0 - Jersey City 4
BOTTOM OF THE 5TH
Jersey City Sun Caps batting - Pitching for Calgary Lynx : RHP Henry Hart
Batting: LHB Todd Williams 0-0: Called Strike
0-1: Ball
1-1: Ball
2-1: Foul Ball, location: 2F
2-2: Ball
3-2: Fly out, F8 (Flyball, 8RM)
Batting: RHB Brandon Reed 0-0: Called Strike
0-1: Ball
1-1: Swinging Strike
1-2: Strikes out swinging
Batting: RHB Chris Lowe 0-0: Ball
1-0: Fly out, F8 (Flyball, 89S)
Bottom of the 5th over - 0 run(s), 0 hit(s), 0 error(s), 0 left on base; Calgary 0 - Jersey City 4
TOP OF THE 6TH
Calgary Lynx batting - Pitching for Jersey City Sun Caps : LHP Jim Unknown
Batting: RHB Jim Browning 0-0: Ball
1-0: Foul Ball, location: 2F
1-1: Swinging Strike
1-2: Strikes out looking
Batting: LHB Timmy Appeldoorn 0-0: Called Strike
0-1: Foul Ball, location: 2F
0-2: SINGLE (Flyball, 89M)
Batting: RHB Steve Brewer 0-0: SINGLE (Groundball, 5D)
Timmy Appeldoorn to second
Batting: SHB Vasco Paradela 0-0: Ball
1-0: Ball
2-0: Called Strike
2-1: Ball
3-1: Called Strike
3-2: Base on Balls
Timmy Appeldoorn to third
Steve Brewer to second
Batting: RHB Pancho Salaedo 0-0: Foul Ball, location: 2F
0-1: Foul Ball, location: 2F
0-2: Ball
1-2: Grounds into double play, 1-2-3 (Groundball, 23)
Top of the 6th over - 0 run(s), 2 hit(s), 0 error(s), 2 left on base; Calgary 0 - Jersey City 4
BOTTOM OF THE 6TH
Jersey City Sun Caps batting - Pitching for Calgary Lynx : RHP Henry Hart
Batting: RHB Micheal Murdoch 0-0: Called Strike
0-1: Ball
1-1: Ball
2-1: SINGLE (Line Drive, 6M)
Batting: RHB Jack Tucker 0-0: Ball
1-0: Foul Ball, location: 2F
1-1: Foul Ball, location: 2F
1-2: Ball
2-2: Ball
3-2: Strikes out swinging
Batting: RHB Christian O'Neal 0-0: SINGLE (Line Drive, 7S)
Micheal Murdoch to second
Batting: RHB Oscar Lewis 0-0: Called Strike
0-1: Ball
1-1: Called Strike
1-2: Ball
Balk!
Micheal Murdoch to third
Christian O'Neal to second
2-2: Ground out 4-3 (Groundball, 4MD)
Micheal Murdoch scores
Christian O'Neal to third
Pitching: RHP Mike Salazar
Batting: RHB Tony Quintana 0-0: Ball
1-0: Foul Ball, location: 2F
1-1: Foul Ball, location: 2F
1-2: SINGLE (Groundball, 3L)
Christian O'Neal scores
Batting: RHB Jonah Moody 0-0: Ball
1-0: Fielders Choice at 2nd, 6-4 (Groundball, 6)
Bottom of the 6th over - 2 run(s), 3 hit(s), 0 error(s), 0 left on base; Calgary 0 - Jersey City 6
TOP OF THE 7TH
Calgary Lynx batting - Pitching for Jersey City Sun Caps : LHP Jim Unknown
Batting: SHB Tom Craft 0-0: Ball
1-0: Foul Ball, location: 2F
1-1: Foul Ball, location: 2F
1-2: Ball
2-2: Foul Ball, location: 2F
2-2: Foul Ball, location: 2F
2-2: Ball
3-2: Ground out 1-3 (Groundball, 15)
Batting: RHB Wilbur James 0-0: Swinging Strike
0-1: Swinging Strike
0-2: Ball
1-2: Ball
2-2: Foul Ball, location: 2F
2-2: Ground out 6-3 (Groundball, 56)
Batting: LHB Gilbert Davis 0-0: Ground out 6-3 (Groundball, 6M)
Top of the 7th over - 0 run(s), 0 hit(s), 0 error(s), 0 left on base; Calgary 0 - Jersey City 6
BOTTOM OF THE 7TH
Jersey City Sun Caps batting - Pitching for Calgary Lynx : RHP Mike Salazar
Batting: LHB Todd Williams 0-0: Ball
1-0: Foul Ball, location: 2F
1-1: Bunted foul
1-2: Fly out, F8 (Line Drive, 8RS)
Batting: RHB Brandon Reed 0-0: Ball
1-0: DOUBLE (Line Drive, 56D)
Batting: RHB Chris Lowe 0-0: Ball
Brandon Reed is caught stealing 3rd base
1-0: Called Strike
1-1: DOUBLE (Line Drive, 89S)
Pinch Runner at 2nd Roy Williams:
Batting: RHB Micheal Murdoch 0-0: Ball
1-0: Ball
2-0: Ball
3-0: Base on Balls
Batting: RHB Jack Tucker 0-0: Called Strike
0-1: Called Strike
0-2: Ball
1-2: Foul Ball, location: 2F
1-2: Ball
2-2: Fly out, F1 (Popup, 15S)
Bottom of the 7th over - 0 run(s), 2 hit(s), 0 error(s), 2 left on base; Calgary 0 - Jersey City 6
TOP OF THE 8TH
Calgary Lynx batting - Pitching for Jersey City Sun Caps : LHP Jim Unknown
Now in LF: Jesús Pérez
Now in RF: Roy Williams
Batting: RHB Edmund Gallagher 0-0: Foul Ball, location: 2F
0-1: Ball
1-1: Ball
2-1: Foul Ball, location: 2F
2-2: SINGLE (Groundball, 56D)
Pitching: LHP Jim Unknown
Batting: RHB Jim Browning 0-0: Ball
1-0: Called Strike
1-1: SINGLE (Line Drive, 7S)
Edmund Gallagher to second
Batting: LHB Timmy Appeldoorn 0-0: Called Strike
0-1: Fly out, F8 (Flyball, 8RM)
Batting: RHB Steve Brewer 0-0: Reached on error, E5 (Groundball, 56)
Edmund Gallagher to third
Jim Browning to second
Batting: SHB Vasco Paradela 0-0: Ball
1-0: Called Strike
1-1: Ball
2-1: Ball
3-1: Base on Balls
Edmund Gallagher scores
Jim Browning to third
Steve Brewer to second
Pitching: RHP Jim Unknown
Batting: RHB Pancho Salaedo 0-0: Ball
1-0: SINGLE (Flyball, 8LS)
Jim Browning scores
Steve Brewer to third
Vasco Paradela to second
Batting: SHB Tom Craft 0-0: Grounds into double play, 6-4-3 (Groundball, 6)
Top of the 8th over - 2 run(s), 3 hit(s), 1 error(s), 2 left on base; Calgary 2 - Jersey City 6
BOTTOM OF THE 8TH
Jersey City Sun Caps batting - Pitching for Calgary Lynx : RHP Mike Salazar
Batting: RHB Christian O'Neal 0-0: Called Strike
0-1: Fly out, F9 (Flyball, 89M)
Batting: RHB Oscar Lewis 0-0: Foul Ball, location: 2F
0-1: Ball
1-1: Ball
2-1: Ball
3-1: Foul Ball, location: 2F
3-2: Fly out, F4 (Popup, 34)
Batting: RHB Tony Quintana 0-0: Ball
1-0: Ball
2-0: Ball
3-0: Called Strike
3-1: Ground out 4-3 (Groundball, 4M)
Bottom of the 8th over - 0 run(s), 0 hit(s), 0 error(s), 0 left on base; Calgary 2 - Jersey City 6
TOP OF THE 9TH
Calgary Lynx batting - Pitching for Jersey City Sun Caps : RHP Jim Unknown
Pitching: RHP Jim Unknown
Batting: RHB Wilbur James 0-0: Ball
1-0: Called Strike
1-1: Ball
2-1: Ball
3-1: Called Strike
3-2: Base on Balls
Batting: LHB Gilbert Davis 0-0: Foul Ball, location: 2F
0-1: Foul Ball, location: 2F
0-2: Ball
1-2: SINGLE (Groundball, 6MD)
Wilbur James to second
Batting: RHB Edmund Gallagher 0-0: Called Strike
0-1: Foul Ball, location: 2F
0-2: Ball
1-2: Ball
2-2: Ball
3-2: Foul Ball, location: 2F
3-2: Base on Balls
Wilbur James to third
Gilbert Davis to second
Batting: RHB Jim Browning 0-0: Called Strike
0-1: Ball
1-1: Swinging Strike
1-2: Strikes out swinging
Batting: LHB Timmy Appeldoorn 0-0: Ball
1-0: Called Strike
1-1: Ball
2-1: Fly out, F6 (Line Drive, 6M)
Pinch Hitting: LHB Herman Gilliland 0-0: Ball
1-0: Foul Ball, location: 2F
1-1: Fly out, F9 (Line Drive, 9D)
Top of the 9th over - 0 run(s), 1 hit(s), 0 error(s), 3 left on base; Calgary 2 - Jersey City 6
This league is powered by Out of the Park Baseball, the baseball management simulation game for PC, Mac and Linux
Friday, October 23rd, 2015 - OOTP Baseball 16.9 Build 39